 Dungeon Crawl Stone Soup version 0.31-a0-75-g6fe912e8c5 (webtiles) character file.

Game seed: 12790494317078554713

816 greasedhog the Ruffian (level 7, -1/70 HPs)
             Began as a Troll Fighter on May 24, 2023.
             Succumbed to a hornet's poison
             ... while paralysed by a hornet
             ... on level 5 of the Dungeon.
             The game lasted 00:04:18 (2697 turns).

greasedhog the Ruffian (Troll Fighter)              Turns: 2697, Time: 00:04:18

Health: -1/70      AC:  4    Str: 25    XL:     7   Next: 62%
Magic:  6/6        EV:  1    Int:  6    God:
Gold:   224        SH:  0    Dex:  9    Spells: 6/6 levels left

rFire   . .          .
                       - Unarmed
rCold   . . .        b - +0 kite shield
rNeg    . . .        a - +0 robe
rPois   .            (helmet restricted)
rElec   .            (no cloak)
rCorr   .            (gloves unavailable)
SInv    .            (boots unavailable)
Will    .....        (no amulet)
Stlth   +            (no ring)
HPRegen 1.11/turn    (no ring)
MPRegen 0.10/turn

%: no passive effects
@: paralysed, mighty, lethally poisoned (-1 -> -9), slowed
A: large, unfitting armour, claws 3, regeneration 1, shaggy fur 1, tough skin 1
a: no special abilities


You were on level 5 of the Dungeon.
You visited 2 branches of the dungeon, and saw 6 of its levels.

You collected 224 gold pieces.

Inventory:

Missiles
 f - 4 atropa-tipped darts (quivered)
 o - 6 poisoned darts
Armour
 a - a +0 robe (worn)
 b - a +0 kite shield (worn)
Scrolls
 e - a scroll of enchant weapon
 h - a scroll of enchant armour
 i - a scroll of torment
 j - a scroll of teleportation {unknown}
 k - 2 scrolls of amnesia
 m - a scroll of immolation {unknown}
 n - 2 scrolls of blinking
 q - 2 scrolls of silence
 s - a scroll of butterflies {unknown}
 v - a scroll of fear {unknown}
Potions
 c - a potion of might
 d - 2 potions of berserk rage {unknown}
 g - a potion of ambrosia
 l - a potion of haste
 p - a potion of magic {unknown}
 r - a potion of lignification {unknown}
 t - a potion of invisibility {unknown}
 u - a potion of curing {unknown}


   Skills:
 + Level 4.3 Fighting
 - Level 2.4 Dodging
 + Level 4.7 Shields
 * Level 6.3 Unarmed Combat


You had 6 spell levels left.
You didn't know any spells.
Your spell library contained the following spells:

 Spells                   Type           Power      Damage    Failure   Level
 Beastly Appendage        Tmut           0%         N/A       69%         1
 Wereblood                Tmut           0%         N/A       83%         2
 Spider Form              Tmut/Pois      0%         N/A       96%         3
 Volatile Blastmotes      Fire/Tloc      0%         2d10      96%         3
 Fulminant Prism          Conj/Hex       0%         3d5       100%        4
 Iskenderun's Mystic Bla  Conj/Tloc      0%         2d3       100%        4
 Lee's Rapid Deconstruct  Erth           0%         3d4*      100%        5


Dungeon Overview and Level Annotations

Branches:
Dungeon (5/15)             Temple (1/1) D:4

Altars:
Ashenzari
Cheibriados
Dithmenos
Hepliaklqana
Kikubaaqudgha
Makhleb
Nemelex Xobeh
Qazlal
Ru
Trog
Uskayaw
Xom
Yredelemnul
The Shining One

Shops:
D:3 [   D:4 =


Innate Abilities, Weirdness & Mutations

You are too large for most types of armour.
You have claws for hands.
Your natural rate of healing is unusually fast.
You are covered in fur. (AC +1)
You have tough skin. (AC +1)


Message History

You block the ice beast's attack.
You scratch the ice beast but do no damage.
The ice beast is almost dead.
The ice beast hits you. The ice beast freezes you!
You barely miss the ice beast.
The ice beast is almost dead.
The ice beast hits you. The ice beast freezes you!
* * * LOW HITPOINT WARNING * * *
You claw the ice beast!
You kill the ice beast!
Found a scroll of torment.
A hornet comes into view.
The hornet buzzes angrily.
You feel very mighty all of a sudden.
Things that are here:
a +0 flail; 2 boomerangs; a +0 ring mail Unknown command.
Throw: 5 darts (atropa)
Press: ? - help, Q - select action, (/) - cycle Shift-Dir - straight line, f - hornet
Aim: a hornet (39% to hit, chance to blind on hit: 3%)
You throw an atropa-tipped dart.
The atropa-tipped dart barely misses the hornet.
A quokka comes into view.
The hornet stings you!
* * * LOW HITPOINT WARNING * * *
You are poisoned.
You feel yourself slow down.
You barely miss the hornet.
You hear the slow rusting of a drain nearby.
You feel very sick. The hornet stings you!
* * * LOW HITPOINT WARNING * * *
You suddenly lose the ability to move!
The hornet stings you.
* * * LOW HITPOINT WARNING * * *
You are lethally poisoned!
You feel as though you will be slow longer.
* * * LOW HITPOINT WARNING * * *
You feel very sick.
The hornet stings you but does no damage.
You die...

............#
............#
............#
............# ...
............# ....
............# ....
.?..........###.....
..............#.....
....(..r..y@...$....
.......#####..#####
.......#?$)#....#
.......#()[#....#
......#?![#....#
.....#####....#
..............#
..............#
...........#..#


You could see a hornet and a quokka.

Vanquished Creatures
  3 ice beasts
  5 wights
  A jelly (D:4)
  A hound (D:4)
  An iguana (D:3)
  2 orc wizards (D:4)
  A mummy (D:4)
  3 adders
  A white imp (D:4)
  3 worms
  2 dart slugs
  9 orcs
  5 ball pythons
  8 endoplasms
  4 giant cockroaches
  6 goblins
  5 hobgoblins
  8 jackals
  6 kobolds
  A quokka (D:3)
  7 bats
  2 frilled lizards
  7 rats
91 creatures vanquished.

Notes
Turn   | Place    | Note
-------+----------+-------------------------------------------
     0 | D:1      | greasedhog the Troll Fighter began the quest for the Orb.
     0 | D:1      | Reached XP level 1. HP: 22/22 MP: 0/0
   156 | D:1      | Reached XP level 2. HP: 29/29 MP: 1/1
   540 | D:2      | Reached XP level 3. HP: 31/36 MP: 2/2
   545 | D:2      | Found a stormy altar of Qazlal.
   661 | D:2      | Reached skill level 3 in Unarmed Combat
  1169 | D:3      | Reached XP level 4. HP: 44/44 MP: 3/3
  1171 | D:3      | Found a faded altar of an unknown god.
  1283 | D:3      | Found a shadowy altar of Dithmenos.
  1325 | D:3      | Noticed an ice beast
  1331 | D:3      | Killed an ice beast
  1332 | D:3      | Reached skill level 4 in Unarmed Combat
  1332 | D:3      | Reached XP level 5. HP: 47/53 MP: 4/4
  1419 | D:3      | Found Yshrut's Armour Emporium.
  1501 | D:3      | Found a faded altar of an unknown god.
  1722 | D:3      | Reached XP level 6. HP: 27/60 MP: 5/5
  1761 | D:4      | Reached skill level 5 in Unarmed Combat
  1949 | D:3      | Found a shimmering altar of Xom.
  1964 | D:4      | Reached XP level 7. HP: 68/68 MP: 6/6
  2106 | D:4      | Found a staircase to the Ecumenical Temple.
  2124 | Temple   | Entered the Ecumenical Temple
  2376 | D:4      | Found a stormy altar of Qazlal.
  2384 | D:4      | Found Cobryz's Jewellery Emporium.
  2533 | D:4      | Found a snail-covered altar of Cheibriados.
  2646 | D:5      | Entered Level 5 of the Dungeon
  2655 | D:5      | Reached skill level 6 in Unarmed Combat
  2689 | D:5      | Noticed a hornet
  2695 | D:5      | Paralysed by a hornet for 3 turns
  2696 | D:5      | HP: 2/70 [poisoned by a hornet]
  2697 | D:5      | Succumbed to a hornet's poison

Illustrated notes

Levels and vault maps discovered:
D:1:      dpeg_arrival_another_circle, layout_basic
D:2:      layout_loops_ring, basic_altar
D:3:      layout_basic, nicolae_dithmenos_shadow_blocks,
          nicolae_overflow_ecumenical_swirl, ebering_ecumenical_altar_box,
          serial_shops, nicolae_shop_statue_plus
D:4:      layout_rooms, mainiacjoe_overflow_alcove_1, chei_slow_surprise,
          minmay_temple_entry_ruins, serial_shops, shop, minmay_box_of_dots
D:5:      layout_basic, mainiacjoe_overflow_cross_hatched,
          fedhas_ov_isle_minmay, portal_sewer_entry_f, due_unseen_surprise,
          uniq_edmund, uniq_ijyb, uniq_pikel
Temple:   jpeg_temple_alley_garden

Skill      XL: |  1  2  3  4  5  6  7 |
---------------+----------------------+-----
Shields        | 3 4 |  4.7
Unarmed Combat | 3 4 5 6 |  6.3
Fighting       | 3 4 |  4.3
Dodging        | |  2.4

Action                     |  1- 3 |  4- 6 |  7- 9 || total
---------------------------+-------+-------+-------++-------
  Melee: Unarmed           |   104 |   104 |    44 ||   252
  Throw: Dart              |       |       |     1 ||     1
    Use: Scroll            |       |     3 |     5 ||     8
         Potion            |       |       |     1 ||     1
   Stab: Sleeping          |       |     2 |       ||     2
 Armour: Robe              |    40 |    24 |     7 ||    71
  Dodge: Dodged            |    26 |    32 |     4 ||    62
  Block: Kite shield       |    26 |    33 |    10 ||    69

Table legend: (Time is in decaauts)
 A = Elapsed time spent in this place.
 B = Non-inter-level travel time spent in this place.
 C = Inter-level travel time spent in this place.
 D = Time resting spent in this place.
 E = Time spent auto-exploring this place.
 F = Levels seen in this place.
 G = Mean time per level.
                   A        B        C        D        E       F      G
               +--------+--------+--------+--------+--------+-----+--------+
         Total |   2708 |   2551 |    157 |     80 |   1864 |   6 |  451.3 |
       Dungeon |   2476 |   2372 |    104 |     80 |   1691 |   5 |  495.2 |
        Temple |    231 |    178 |     53 |      0 |    173 |   1 |  231.0 |
               +--------+--------+--------+--------+--------+-----+--------+

Top non-repeatable levels by time:
     D:4: 668 daAuts
     D:3: 662 daAuts
     D:2: 656 daAuts
     D:1: 438 daAuts
  Temple: 231 daAuts
     D:5: 51 daAuts
